 Seeded DCSS version 0.29.1-1-gd02db6906a (webtiles) character file.

Game seed: 2387645567842811425 (custom seed)

16 lonewolfV2 the Trooper (level 2, -3/24 HPs)
             Began as a Demonspawn Berserker on Oct 18, 2022.
             Was a Follower of Trog.
             Slain by a gnoll
             ... wielding a +0 flail
              (12 damage)
             ... on level 1 of the Dungeon.
             The game lasted 00:01:16 (922 turns).

lonewolfV2 the Trooper (Demonspawn Berserker)        Turns: 922, Time: 00:01:17

Health: -3/24      AC:  2    Str: 20    XL:     2   Next: 37%
Magic:  2/2        EV: 12    Int:  8    God:    Trog [*.....]
Gold:   14         SH:  0    Dex: 16    Spells: 1/1 levels left

rFire   . . .      SeeInvis .     - Unarmed
rCold   . . .      Faith    .   (no shield)
rNeg    . . .      Spirit   .   a - +0 animal skin
rPois   .          Reflect  .   (no helmet)
rElec   .          Harm     .   (no cloak)
rCorr   +          Rampage  .   (no gloves)
Will    +....                   (no boots)
Stlth   ++........              (no amulet)
HPRegen 0.08/turn               b - ring "Inebyt Zuos" {Will+ rCorr Str+3 Dex+4 Stlth+}
MPRegen 0.08/turn               (no ring)

@: no status effects
A: foul stench 1
a: Renounce Religion, Berserk


You were on level 1 of the Dungeon.
You worshipped Trog.
Trog was aware of your devotion.
You visited 1 branch of the dungeon, and saw 1 of its levels.

You collected 14 gold pieces.

Inventory:

Armour
 a - a +0 animal skin (worn)
Jewellery
 b - the ring "Inebyt Zuos" (left hand) {Will+ rCorr Str+3 Dex+4 Stlth+}
   (You acquired it on level 1 of the Dungeon)

   [ring of resist corrosion]

   Str:       It affects your strength (+3).
   Dex:       It affects your dexterity (+4).
   rCorr:     It protects you from acid and corrosion.
   Will:      It increases your willpower.
   Stlth:     It makes you more stealthy.
Scrolls
 c - a scroll of noise {unknown}


   Skills:
 + Level 3.2 Fighting
 + Level 2.0 Armour
 + Level 2.0 Dodging
 + Level 2.9 Unarmed Combat


You had one spell level left.
You didn't know any spells.
Your spell library was empty.

Dungeon Overview and Level Annotations

Branches:
Dungeon (1/15)

Altars:


Innate Abilities, Weirdness & Mutations

You may rarely emit foul miasma when damaged in melee.


Message History

The dart slug launches a dart at you. The slug dart hits you.
You hit the dart slug.
The dart slug is severely wounded.
You barely miss the dart slug.
The dart slug is severely wounded.
The dart slug launches a dart at you. The slug dart hits you.
You hit the dart slug but do no damage.
The dart slug is severely wounded.
The dart slug barely misses you.
You hit the dart slug.
You kill the dart slug!
Trog accepts your kill.
You see here a dart slug corpse.
A gnoll comes into view. It is wielding a +0 flail.
A gnoll is nearby!
A gnoll is nearby!
A gnoll is nearby!
The gnoll shouts!
You hit the gnoll.
The gnoll is moderately wounded.
The gnoll hits you with a +0 flail.
You barely miss the gnoll.
The gnoll is moderately wounded.
The gnoll closely misses you.
You hit the gnoll.
The gnoll is heavily wounded.
The gnoll hits you with a +0 flail!
You closely miss the gnoll.
The gnoll is heavily wounded.
The gnoll closely misses you.
You hit the gnoll but do no damage.
The gnoll is heavily wounded.
The gnoll barely misses you.
You hit the gnoll.
The gnoll is almost dead.
The gnoll hits you with a +0 flail!
Ouch! That really hurt!
You die...

.............##.............#.###
.............##.............#.# #
.............##.............#.###
.......[.....##.............#....
......####+####.............#.###
......####.# #.............#....
.####....†.####.............#.###
. +...........#+###########.#
#..........g@...# ##.###
######....###.### #..... #!...#
.# #.#### #....# .##########.####
#....# .##............. #....#
.##............. #....#
.##..###.#####.. #....# .##.
#.......#.. #....# #..#.......# .


You could see a gnoll.

Vanquished Creatures
  A dart slug (D:1)
  3 endoplasms (D:1)
  A giant cockroach (D:1)
  2 hobgoblins (D:1)
  2 quokkas (D:1)
  A ball python (D:1)
  A kobold (D:1)
  A rat (D:1)
12 creatures vanquished.

Notes
Turn   | Place    | Note
-------+----------+-------------------------------------------
     0 | D:1      | lonewolfV2 the Demonspawn Berserker began the quest for the
                  | Orb.
     0 | D:1      | Reached XP level 1. HP: 18/18 MP: 1/1
    47 | D:1      | Identified a scroll of acquirement
    47 | D:1      | Acquired the ring "Inebyt Zuos" {Will+ rCorr Str+3 Dex+4
                  | Stlth+}
   648 | D:1      | Found a faded altar of an unknown god.
   667 | D:1      | Gained mutation: You may rarely emit foul miasma when
                  | damaged in melee. [demonic ancestry]
   667 | D:1      | Reached XP level 2. HP: 23/24 MP: 2/2
   922 | D:1      | Slain by a gnoll

Illustrated notes

Levels and vault maps discovered:
D:1:      lemuel_arrival_room, layout_basic, ebering_ecumenical_altar_box

Skill      XL: |  1 |
---------------+----+-----
Dodging        | 2 |  2.0
Armour         | 2 |  2.0
Fighting       | |  3.2
Unarmed Combat | |  2.9

Action                   || total
-------------------------++-------
Melee: Unarmed           ||    39
       Punch             ||     1
  Use: Scroll            ||     1
 Stab: Sleeping          ||     2
Armor: Animal skin       ||     6
Dodge: Dodged            ||    30
